 Dungeon Crawl Stone Soup version 0.29-a0-284-gf9362112df (webtiles) character file.

Game seed: 626497781417121482

44 siradein the Bolt Thrower (level 3, 0/22 HPs)
             Began as a Gargoyle Hunter on Mar 16, 2022.
             Slain by a bat (1 damage)
             ... on level 2 of the Dungeon.
             The game lasted 00:01:52 (700 turns).

siradein the Bolt Thrower (Gargoyle Hunter)          Turns: 700, Time: 00:01:53

Health: 0/22       AC:  6    Str: 14    XL:     3   Next: 60%
Magic:  3/3        EV: 12    Int: 11    God:
Gold:   41         SH:  0    Dex: 13    Spells: 2/2 levels left

rFire   . . .      SeeInvis .   a - +1 hand crossbow
rCold   . . .      Faith    .   (no shield)
rNeg    + . .      Spirit   .   b - +0 leather armour
rPois   ∞          Reflect  .   (no helmet)
rElec   +          Harm     .   (no cloak)
rCorr   .          Rampage  .   (no gloves)
Will    .....                   (no boots)
Stlth   +.........              (no amulet)
HPRegen 0.07/turn               (no ring)
MPRegen 0.08/turn               (no ring)

@: no status effects
A: sickness immunity, AC +3, negative energy resistance 1, electricity
resistance, torment resistance 1, petrification resistance
a: no special abilities


You were on level 2 of the Dungeon.
You visited 1 branch of the dungeon, and saw 2 of its levels.

You collected 41 gold pieces.

Inventory:

Hand Weapons
 a - a +1 hand crossbow (weapon)
Armour
 b - a +0 leather armour (worn)
Jewellery
 g - a +6 ring of dexterity
Scrolls
 c - a scroll of immolation
 d - 3 scrolls of identify {unknown}
Potions
 e - a potion of curing {unknown}
 f - a potion of brilliance {unknown}


   Skills:
 + Level 2.8 Fighting
 + Level 4.3 Crossbows
 + Level 1.4 Armour
 + Level 2.1 Dodging
 - Level 1.1 Stealth


You had 2 spell levels left.
You didn't know any spells.
Your spell library was empty.

Dungeon Overview and Level Annotations

Branches:
Dungeon (1/15)

Altars:

Annotations:
D:2 Robin


Innate Abilities, Weirdness & Mutations

You are immune to sickness and miasma.
Your stone body is resilient. (AC +3)
You are immune to poison.
You resist negative energy. (rN+)
You are resistant to electric shocks. (rElec)
You are resistant to unholy torment.
You are immune to petrification.


Message History

Robin roars a battlecry!
The goblins go into a battle-frenzy!
The adder attacks as you move away! The adder barely misses you.
The goblin attacks as you move away! The goblin hits you but does no damage.
The adder attacks as you move away! The adder bites you but does no damage.
The goblin barely misses you. The adder closely misses you.
The adder attacks as you move away! The adder bites you but does no damage.
A bat comes into view.
Found a stone staircase leading down.
The bat hits you but does no damage. The adder barely misses you.
The bat hits you but does no damage.
Found a dagger.
The bat misses you. The bat barely misses you. The bat closely misses you.
The adder misses you. The bat misses you. The bat barely misses you.
The bat completely misses you.
A giant cockroach comes into view.
The adder attacks as you move away! The adder misses you.
The goblin no longer looks unusually strong.
The bat misses you. The adder bites you.
* * * LOW HITPOINT WARNING * * *
The hobgoblin no longer looks unusually strong.
The bat closely misses you. The bat completely misses you.
The bat hits you but does no damage. The adder bites you.
* * * LOW HITPOINT WARNING * * *
The giant cockroach closely misses you.
The giant cockroach attacks as you move away!
The giant cockroach bites you but does no damage.
The bat hits you.
* * * LOW HITPOINT WARNING * * *
The bat attacks as you move away! The bat hits you but does no damage.
The bat hits you.
* * * LOW HITPOINT WARNING * * *
The giant cockroach attacks as you move away!
The giant cockroach bites you.
* * * LOW HITPOINT WARNING * * *
The bat hits you.
You die...

........g..............
.........g..............
.........g..............
...........g)...........
...............#........
.............g.#........
...............#........
####..........BS........
##########.....b@...##.
.....####...........#
..................###
..................#
.....g............#
##................#
#...........####...
#########....# ...
..#### #....####...


You could see an adder, a giant cockroach, a hobgoblin, 3 goblins and a bat.

Vanquished Creatures
  A gnoll (D:1)
  A dart slug (D:1)
  2 ball pythons (D:1)
  An endoplasm (D:1)
  7 goblins
  3 hobgoblins
  4 jackals (D:1)
  2 kobolds
  A quokka (D:1)
  3 frilled lizards
  2 rats
27 creatures vanquished.

Vanquished Creatures (others)
  11 plants (D:1)
11 creatures vanquished.

Grand Total: 38 creatures vanquished

Notes
Turn   | Place    | Note
-------+----------+-------------------------------------------
     0 | D:1      | siradein the Gargoyle Hunter began the quest for the Orb.
     0 | D:1      | Reached XP level 1. HP: 12/12 MP: 1/1
    62 | D:1      | Reached XP level 2. HP: 18/18 MP: 2/2
   270 | D:1      | Reached skill level 1 in Armour
   277 | D:1      | Reached XP level 3. HP: 15/22 MP: 3/3
   593 | D:1      | You fall into a shaft and drop 1 floor!
   641 | D:2      | Noticed Robin
   700 | D:2      | HP: 1/22 [giant cockroach (1)]
   700 | D:2      | Slain by a bat

Illustrated notes

Levels and vault maps discovered:
D:1:      mrwooster_arrival_arrow, layout_basic, supply_closet_lemuel,
          nicolae_grassy_gnolls
D:2:      layout_basic, chequers_ecumenical_altar_simple_redux,
          chequers_serial_rivers_marsh, minmay_pentomino_w4, uniq_robin

Skill      XL: |  1  2 |
---------------+-------+-----
Armour         | 1 |  1.4
Dodging        | 2 |  2.1
Fighting       | |  2.8
Crossbows      | |  4.3
Stealth        | |  1.1

Action                   || total
-------------------------++-------
 Fire: Hand crossbow     ||    70
Armor: Leather armour    ||    24
Dodge: Dodged            ||    55

Table legend: (Time is in decaauts)
 A = Elapsed time spent in this place.
 B = Non-inter-level travel time spent in this place.
 C = Inter-level travel time spent in this place.
 D = Time resting spent in this place.
 E = Time spent auto-exploring this place.
 F = Levels seen in this place.
 G = Mean time per level.
                   A        B        C        D        E       F      G
               +--------+--------+--------+--------+--------+-----+--------+
         Total |    722 |    722 |      0 |      0 |    534 |   2 |  361.0 |
       Dungeon |    722 |    722 |      0 |      0 |    534 |   2 |  361.0 |
               +--------+--------+--------+--------+--------+-----+--------+

Top non-repeatable levels by time:
     D:1: 608 daAuts
     D:2: 113 daAuts
